Map: Radhuset Station LE

Players

WickedWebby

  • Race: Zerg Zerg
  • League: Diamond
  • Spawn Location: 1:00

SubN - Winner!

  • Race: Zerg Zerg
  • League: Diamond
  • Spawn Location: 7:00

VOD

Have the link to the VOD?

Description

Time

  • Played on: Dec. 24, 2023, 8:47 p.m.
  • Length: 10:20
Show
View Real Time Build Order
Export as new Build Order

WickedWebby Zerg 

Build Orders: Pool First 

Get SALT Encoding   

  12  0:00  Drone  
  13  0:08  Drone  
  14  0:18  Overlord  
  14  0:39  Drone x2  
  16  0:44  Drone, Spawning Pool  
  16  1:07  Hatchery  
  15  1:11  Drone  
  15  1:14  Drone  
  15  1:17  Drone  
  18  1:22  Drone  
  19  1:30  Extractor  
  18  1:33  Queen  
  20  1:41  Overlord  
  20  2:00  Zergling x4  
  22  2:19  Extractor  
  21  2:24  Drone x3  
  21  2:27  Queen  
  26  2:46  Queen  
  28  2:51  Drone  
  28  2:52  Drone  
  30  3:02  Queen  
  32  3:09  Drone x4  
  36  3:15  Roach Warren  
  35  3:21  Drone  
  32  3:50  Drone  
  32  3:51  Drone x3  
  36  4:03  Evolution Chamber  
  36  4:04  Evolution Chamber  
  34  4:11  Spine Crawler  
  34  4:15  Spine Crawler  
  32  4:17  Queen  
  32  4:20  Drone x2  
  36  4:38  Zerg Missile Weapons Level 1  
  36  4:40  Zerg Ground Armor Level 1  
  36  4:44  Overlord x3  
  36  5:02  Spore Crawler  
  35  5:07  Spore Crawler  
  35  5:11  Drone x5  
  35  5:12  Drone x2  
  41  5:38  Extractor  
  41  5:39  Extractor  
  43  5:42  Roach  
  43  5:43  Roach x7  
  55  5:50  Pneumatized Carapace  
  55  5:56  Lair  
  55  6:03  Roach x2  
  59  6:26  Overlord x6  
  59  6:51  Roach x4  
  59  6:52  Roach x3  
  73  6:57  Overseer  
  73  7:00  Drone x2  
  75  7:13  Drone x3  
  75  7:14  Drone  
  79  7:18  Drone x3  
  82  7:41  Roach x3  
  82  7:42  Roach x3  
  94  7:54  Zergling x4, Roach  
  94  7:56  Hatchery  
  97  8:01  Ravager  
  97  8:02  Ravager x7  
  105  8:10  Roach  
  107  8:16  Drone  
  108  8:29  Overlord  
  108  8:30  Overlord x2  
  108  8:46  Hydralisk Den  
  108  8:47  Drone  
  108  8:48  Drone x8  
  113  8:49  Drone  
  117  9:09  Hatchery  
  116  9:19  Roach x2  
  116  9:20  Roach x5  
  116  9:23  Grooved Spines  
Show
View Real Time Build Order
Export as new Build Order

SubN Zerg - Winner!

Build Orders: Pool First 

Get SALT Encoding   

  12  0:02  Drone  
  13  0:12  Overlord  
  13  0:17  Drone  
  14  0:30  Drone x2  
  16  0:37  Drone  
  16  0:39  Extractor  
  16  0:45  Drone  
  17  0:52  Spawning Pool  
  17  0:56  Drone  
  17  1:07  Drone  
  18  1:21  Hatchery  
  17  1:29  Overlord  
  17  1:36  Drone  
  18  1:41  Metabolic Boost  
  18  1:51  Queen  
  20  1:57  Zergling x2  
  20  1:59  Zergling x2  
  22  2:02  Zergling x2  
  23  2:11  Zergling x2  
  24  2:23  Zergling x2  
  24  2:28  Queen  
  27  2:40  Drone x2  
  29  2:55  Queen  
  31  2:59  Drone x4  
  31  3:04  Overlord, Pneumatized Carapace  
  35  3:12  Overlord  
  35  3:15  Overlord  
  32  3:44  Drone x6  
  38  3:57  Drone  
  38  3:58  Drone  
  38  4:01  Lair  
  40  4:09  Drone x2  
  42  4:12  Roach Warren  
  42  4:15  Drone x3  
  44  4:22  Drone x4  
  48  4:31  Overlord  
  48  4:40  Extractor  
  48  4:42  Extractor  
  46  4:47  Hatchery  
  46  4:49  Drone x3  
  46  4:50  Drone x2  
  46  4:51  Drone  
  46  4:52  Drone x3  
  54  5:03  Evolution Chamber  
  53  5:07  Evolution Chamber  
  53  5:13  Drone x3  
  53  5:14  Drone x5  
  60  5:17  Overlord  
  60  5:23  Overlord  
  60  5:26  Overlord  
  59  5:35  Overseer  
  59  5:44  Zerg Ground Armor Level 1, Zerg Missile Weapons Level 1  
  59  5:46  Glial Reconstitution  
  59  5:48  Drone  
  60  5:50  Drone x3  
  60  5:51  Extractor  
  60  5:53  Drone  
  60  5:54  Drone x4  
  67  5:57  Extractor  
  67  5:59  Extractor  
  65  6:05  Queen  
  65  6:06  Drone x2  
  65  6:07  Drone  
  70  6:17  Drone x2  
  70  6:18  Drone  
  73  6:19  Drone x3  
  73  6:20  Drone x2  
  73  6:24  Overlord x2  
  78  6:31  Overseer x2  
  78  6:42  Overlord x5  
  78  6:43  Overlord  
  78  6:49  Drone  
  78  6:52  Infestation Pit  
  78  6:53  Drone  
  79  6:55  Roach x4  
  87  7:05  Roach x3  
  87  7:06  Roach x2  
  97  7:18  Roach x5  
  107  7:26  Roach x4  
  107  7:27  Roach  
  117  7:48  Hatchery  
  117  7:49  Roach x6  
  117  7:50  Roach  
  130  8:00  Ravager  
  130  8:01  Ravager x12  
  142  8:06  Roach  
  142  8:07  Roach x4  
  142  8:09  Overlord  
  152  8:18  Roach  
  154  8:22  Spine Crawler  
  154  8:23  Spine Crawler  
  154  8:25  Spine Crawler  
  151  8:28  Roach x5  
  161  8:43  Overlord x5  
  161  8:44  Overlord x2  
  161  8:59  Extractor  
  160  9:03  Queen  
  162  9:13  Roach x10  
  182  9:18  Overseer  
  182  9:36  Roach x6  
  182  9:37  Roach x4  
Tags
 
Add a new tag
Caveats
  • Supply blocks, unpowered buildings, or Contaminate may cause inaccurate times.
  • Supply counts are checked every 10 seconds.